 Dungeon Crawl Stone Soup version 0.19.1-1-g22dce08 (webtiles) character file.

1680 pib the Covered (level 9, -4/57 HPs)
             Began as a Gargoyle Fighter on Jan 11, 2017.
             Was an Initiate of Okawaru.
             Slain by a hill giant
             ... wielding a +0 giant spiked club
              (23 damage)
             ... on level 10 of the Dungeon.
             The game lasted 00:18:52 (6669 turns).

pib the Covered (Gargoyle Fighter)                  Turns: 6669, Time: 00:18:53

Health: -4/57      AC: 18    Str: 21    XL:     9   Next: 2%
Magic:  9/9        EV:  8    Int:  9    God:    Okawaru [......]
Gold:   297        SH: 10    Dex: 15    Spells: 1 memorised, 5 levels left

rFire  . . .     SeeInvis .     L - +0 morningstar
rCold  . . .     Gourm    .     b - +0 scale mail
rNeg   + . .     Faith    .     c - +0 shield
rPois  ∞         Spirit   .     s - +2 helmet
rElec  +         Reflect  .     (no cloak)
rCorr  .         Harm     .     (no gloves)
MR     +....                    B - +0 pair of boots
Stlth  ..........               (no amulet)
                                k - ring of protection from magic
                                h - +4 ring of dexterity

@: no status effects
A: negative energy resistance 1, electricity resistance, unbreathing,
petrification resistance, rot immunity, AC +5
a: Renounce Religion


You were on level 10 of the Dungeon.
You worshipped Okawaru.
Okawaru was noncommittal.
You were very hungry.

You visited 1 branch of the dungeon, and saw 9 of its levels.

You collected 393 gold pieces.
You spent 96 gold pieces at shops.

Inventory:

Hand Weapons
 a - a +0 flail
 L - a +0 morningstar (weapon)
Missiles
 d - 35 poisoned needles
Armour
 b - a +0 scale mail (worn)
 c - a +0 shield (worn)
 s - a +2 helmet (worn)
 B - a +0 pair of boots (worn)
Magical Staves
 C - an uncursed staff of cold
Jewellery
 h - a +4 ring of dexterity (left hand)
 k - a ring of protection from magic (right hand)
 v - a +2 ring of protection
 w - a cursed ring of loudness
 F - an uncursed amulet of regeneration {unknown}
Wands
 i - a wand of flame (31/48)
Scrolls
 e - 4 scrolls of noise
 j - a scroll of recharging {unknown}
 n - a scroll of immolation {unknown}
 o - 4 scrolls of amnesia {unknown}
 q - 2 scrolls of remove curse {unknown}
 x - a scroll of blinking {unknown}
 y - a scroll of fog {unknown}
 z - 4 scrolls of identify
 A - a scroll of teleportation {unknown}
 G - a scroll of magic mapping {unknown}
 M - a scroll of enchant armour {unknown}
Potions
 g - a potion of resistance {unknown}
 l - a potion of mutation {unknown}
 m - 3 potions of brilliance
 p - 2 potions of lignification {unknown}
 r - a potion of haste {unknown}
 t - a potion of magic {unknown}
 u - a potion of flight {unknown}
 D - 2 potions of invisibility {unknown}
 I - a potion of curing
 J - a potion of heal wounds {unknown}
 K - a potion of might
Books
 H - a book of Necromancy

   Spells                             Type                      Level
   a - Pain                           Necromancy                   1
   b - Animate Skeleton               Necromancy                   1
   c - Vampiric Draining              Necromancy                   3
   d - Regeneration                   Charms/Necromancy            3
   e - Animate Dead                   Necromancy                   4
   f - Control Undead                 Necromancy                   4
Comestibles
 f - 10 bread rations
 E - a beef jerky


   Skills:
 + Level 7.2 Fighting
 + Level 6.1 Maces & Flails
 + Level 7.5 Armour
 + Level 5.6 Shields


You had 5 spell levels left.
You knew the following spells:

 Your Spells              Type           Power        Failure   Level  Hunger
a - Regeneration          Chrm/Necr      #.........   100%        3    ####...


Dungeon Overview and Level Annotations

Branches:
Dungeon (8/15)             Temple (0/1) D:7
   Lair: D:8-11

Altars:
Ashenzari
Dithmenos
Elyvilon
Gozag
Kikubaaqudgha
Nemelex Xobeh
Okawaru
Sif Muna
Uskayaw
Xom
Zin
The Shining One

Shops:
D:7 *

Annotations:
D:2 1 runed door
D:8 Pikel; ponk's ghost, amateur FoFi


Innate Abilities, Weirdness & Mutations

You are resistant to torment.
Your stone body is resilient. (AC +5)
You are immune to poison.
You resist negative energy. (rN+)
You are resistant to electric shocks. (rElec)
You can survive without breathing.
You are immune to petrification.
You are immune to rotting.


Message History

The hill giant is lightly wounded.
You block the hill giant's attack.
You hit the hill giant but do no damage.
The hill giant is lightly wounded.
You block the hill giant's attack.
Your shield prevents you from hitting the hill giant.
The hill giant is lightly wounded.
You sock the hill giant!
The hill giant is moderately wounded.
The hill giant hits you with a giant spiked club!!
You puncture the hill giant!
The hill giant is heavily wounded.
The hill giant completely misses you.
You barely miss the hill giant.
The hill giant is heavily wounded.
The hill giant hits you with a giant spiked club!
You puncture the hill giant!
The hill giant is severely wounded.
The hill giant hits you with a giant spiked club!!
You die...

#.####..#.#
#.####.#.....#.#
#............#.#
######.........#
#########
#.#.####### #.##
#.......# #.#.#
.....##.#####.#
#.#.# ........#
#.#######.#.#
#.##.#..#
#..C@.....#.# .C
...#
###########.#
#.# .#.## #.# .
#.#.# . #.. ##
###


You could see a hill giant.

Vanquished Creatures
  An orc warrior (D:6)
  2 sky beasts (D:5)
  A phantom (D:7)
  4 centaurs
  A big kobold (D:10)
  A bullfrog (D:10)
  A centaur zombie (D:5)
  A quasit (D:6)
  A hound (D:5)
  A centaur skeleton (D:4)
  3 orc priests
  A bullfrog skeleton (D:5)
  4 iguanas
  Jessica (D:2)
  7 orc wizards
  2 worker ants
  A hound zombie (D:5)
  2 hound skeletons
  Robin (D:2)
  4 gnolls (D:5)
  4 adders
  An adder skeleton (D:5)
  4 worms (D:2)
  4 leopard geckos
  21 orcs
  2 giant cockroaches
  13 goblins
  14 hobgoblins
  6 jackals
  7 kobolds
  A ball python (D:5)
  9 bats
  6 frilled lizards
  2 quokka skeletons
  7 rats
141 creatures vanquished.

Vanquished Creatures (others)
  A minotaur (D:1)
  A draconian (D:1)
  An octopode (D:1)
  2 vine stalkers (D:1)
  2 spriggans (D:1)
  3 formicids (D:1)
  2 nagas (D:1)
  A centaur (D:1)
  An orc (D:1)
  A kobold (D:1)
  8 tentacles (D:1)
23 creatures vanquished.

Grand Total: 164 creatures vanquished

Notes
Turn   | Place    | Note
-------+----------+-------------------------------------------
     0 | D:1      | pib the Gargoyle Fighter began the quest for the Orb.
     0 | D:1      | Reached XP level 1. HP: 14/14 MP: 1/1
     2 | D:1      | Killed a vine stalker
     4 | D:1      | Noticed a minotaur
     4 | D:1      | Noticed a naga
     4 | D:1      | Noticed an octopode
     4 | D:1      | Noticed a formicid
     4 | D:1      | Noticed a formicid
     4 | D:1      | Noticed a kraken
     4 | D:1      | Noticed a vine stalker
     4 | D:1      | Noticed a naga
     4 | D:1      | Noticed a formicid
     4 | D:1      | Noticed a spriggan
     4 | D:1      | Noticed a draconian
     4 | D:1      | Noticed a centaur
     4 | D:1      | Noticed a spriggan
     9 | D:1      | Killed a formicid
     9 | D:1      | Killed a naga
    11 | D:1      | Killed a naga
    11 | D:1      | Killed a minotaur
    11 | D:1      | Killed a spriggan
    13 | D:1      | Killed a draconian
    13 | D:1      | Killed an octopode
    13 | D:1      | Killed a vine stalker
    15 | D:1      | Killed a formicid
    15 | D:1      | Killed a centaur
    16 | D:1      | Killed a spriggan
    20 | D:1      | Killed a formicid
   109 | D:1      | Reached XP level 2. HP: 19/19 MP: 2/2
   549 | D:1      | Reached XP level 3. HP: 24/24 MP: 3/3
   609 | D:2      | Noticed Jessica
   784 | D:2      | Noticed Robin
   798 | D:2      | Killed Jessica
   798 | D:2      | Reached XP level 4. HP: 19/29 MP: 4/4
   806 | D:2      | Killed Robin
  1132 | D:2      | Found a runed door.
  1298 | D:2      | Reached XP level 5. HP: 33/33 MP: 5/5
  1433 | D:3      | Found a shadowy altar of Dithmenos.
  2082 | D:3      | Found a hide-covered altar of Uskayaw.
  2130 | D:3      | Found a glowing silver altar of Zin.
  2314 | D:3      | Reached XP level 6. HP: 25/39 MP: 6/6
  3074 | D:4      | Reached skill level 5 in Armour
  3360 | D:4      | Reached skill level 5 in Fighting
  3704 | D:5      | Entered Level 5 of the Dungeon
  3823 | D:5      | Noticed a sky beast
  3837 | D:5      | Killed a sky beast
  3837 | D:5      | Reached XP level 7. HP: 41/44 MP: 7/7
  4093 | D:5      | Found a shattered altar of Ashenzari.
  4360 | D:5      | Reached skill level 5 in Maces & Flails
  4509 | D:5      | Reached XP level 8. HP: 48/51 MP: 8/8
  4998 | D:6      | Found an ancient bone altar of Kikubaaqudgha.
  5357 | D:6      | Found a shimmering altar of Xom.
  5646 | D:6      | Reached skill level 5 in Shields
  5765 | D:7      | Learned a level 3 spell: Regeneration
  5794 | D:7      | Found a deep blue altar of Sif Muna.
  5798 | D:7      | Found a sparkling altar of Nemelex Xobeh.
  5798 | D:7      | Found a white marble altar of Elyvilon.
  5798 | D:7      | Found an iron altar of Okawaru.
  5806 | D:7      | Became a worshipper of Warmaster Okawaru
  5869 | D:7      | Found a glowing golden altar of the Shining One.
  6011 | D:7      | Found Caxizao's General Store.
  6023 | D:7      | Bought a potion of might for 48 gold pieces
  6023 | D:7      | Bought a +0 morningstar for 48 gold pieces
  6027 | D:7      | Found a staircase to the Ecumenical Temple.
  6108 | D:7      | Found a faded altar of an unknown god.
  6108 | D:7      | Found a faded altar of an unknown god.
  6113 | D:7      | Found a faded altar of an unknown god.
  6115 | D:7      | Found a faded altar of an unknown god.
  6117 | D:7      | Found an opulent altar of Gozag.
  6233 | D:8      | Noticed ponk's ghost (amateur FoFi)
  6413 | D:8      | Noticed Pikel
  6433 | D:8      | You fall through a shaft for 2 floors!
  6433 | D:10     | Entered Level 10 of the Dungeon
  6592 | D:10     | Reached XP level 9. HP: 52/57 MP: 9/9
  6645 | D:10     | Noticed a hill giant
  6669 | D:10     | Slain by a hill giant

Skill      XL: |  1  2  3  4  5  6  7  8 |
---------------+-------------------------+-----
Shields        | 4 5 |  5.6
Fighting       | 4 5 6 7 |  7.2
Armour         | 4 5 6 7 |  7.5
Maces & Flails | 3 4 5 6 |  6.1

Action                   |  1- 3 |  4- 6 |  7- 9 || total
-------------------------+-------+-------+-------++-------
Melee: Flail             |   101 |   253 |   257 ||   611
       Morningstar       |       |       |    33 ||    33
  Use: Potion            |       |     1 |     3 ||     4
       Scroll            |       |     4 |     2 ||     6
  Eat: Chunk             |       |    10 |     4 ||    14
       Bread ration      |       |       |     1 ||     1
Armor: Scale mail        |    69 |   165 |   178 ||   412
Dodge: Dodged            |    33 |    54 |    82 ||   169
Block: Shield            |    84 |   141 |   151 ||   376
